Match 32312007
Unlisted

Match 32312007
End
Selects Luftwaffe Pioneer Support
Construct Infanterie Kompanie
Grenadier Squad
Grenadier Squad
Grenadier Squad
MG 42 Machine Gun Team
Construct Luftwaffe Kompanie
Selects LG40 Recoilless Gun Paradrop
Grenadier Squad
Jäger Squad
Flak 30 Anti-aircraft Gun Team
Selects Stuka Strafing Run
Stuka Strafing Run
Stuka Strafing Run
Stuka Strafing Run
Medical Station
Medical Station
Medical Station
Jäger Squad
Stuka Strafing Run
Support Elements
Marder III M Tank Destroyer
Pioneer Squad
Selects Luftwaffe Battlegroup
Selects Mechanized Battlegroup
CPU - Hard
CPU - Hard
CPU - Hard
Falar7
gUi
骑士盖文
0
0

Comments sign in to comment!

No comments posted yet!